 Dungeon Crawl Stone Soup version 0.32-a0-918-g0f22ef8d61 (webtiles) character file.

Game seed: 16196749496915212821

1133 Revguard the Chopper (level 8, -4/60 HPs)
             Began as a Demonspawn Gladiator on Apr 11, 2024.
             Was a Follower of Yredelemnul.
             Slain by a gnoll sergeant
             ... wielding a +4 trident of freezing
              (11 damage)
             ... on level 5 of the Dungeon.
             The game lasted 00:13:18 (3634 turns).

Revguard the Chopper (Demonspawn Gladiator)         Turns: 3634, Time: 00:13:18

Health: -4/60      AC:  5    Str: 22    XL:     8   Next: 14%
Magic:  11/11      EV:  5    Int: 10    God:    Yredelemnul [*.....]
Gold:   234        SH:  0    Dex: 14    Spells: 7/7 levels left

rFire   . . .        a - +0 war axe
rCold   . . .        (no shield)
rNeg    . . .        m - +0 ring mail
rPois   .            (helmet restricted)
rElec   .            (no cloak)
rCorr   +            (no gloves)
SInv    .            (no boots)
Will    .....        (no amulet)
Stlth   +            i - ring of resist corrosion
HPRegen 0.30/turn    k - +6 ring of strength
MPRegen 0.12/turn

%: no passive effects
@: held, wreathed by umbra, invisible
A: antennae 2, condensation shield, weakness stinger 1, demonic touch 1,
evolution 1
a: Renounce Religion, Light the Black Torch, Recall Undead Harvest


You were on level 5 of the Dungeon.
You worshipped Yredelemnul.
Yredelemnul was noncommittal.
You visited 2 branches of the dungeon, and saw 6 of its levels.
You also visited: Sewer.

You collected 234 gold pieces.

Inventory:

Hand Weapons
 a - a +0 war axe (weapon)
Missiles
 d - 3 throwing nets (quivered)
 e - a javelin
Armour
 b - a +0 leather armour
 c - a +0 helmet
 m - a +0 ring mail (worn)
Jewellery
 i - a ring of resist corrosion (left hand)
 k - a +6 ring of strength (right hand)
Wands
 o - a wand of charming (8)
 u - a wand of warping (13)
Scrolls
 f - a scroll of summoning
 h - 2 scrolls of teleportation
 l - a scroll of vulnerability
 y - a scroll of fear
Potions
 g - 2 potions of resistance
 j - 3 potions of mutation
 p - a potion of lignification
 r - a potion of might {unknown}
 s - 2 potions of enlightenment {unknown}
 t - 3 potions of heal wounds {unknown}
 v - a potion of cancellation
 x - a potion of ambrosia {unknown}
 z - a potion of magic {unknown}


   Skills:
 + Level 4.1 Fighting
 * Level 5.1 Axes
 - Level 2.6 Throwing
 + Level 3.1 Armour
 + Level 4.1 Dodging
 + Level 4.3 Invocations
 + Level 3.2 Evocations


You had 7 spell levels left.
You didn't know any spells.
Your spell library contained the following spells:

 Spells                   Type           Power      Damage    Failure   Level
 Ensorcelled Hibernation  Hex/Ice        0%         N/A       65%         2
 Fugue of the Fallen      Necr           0%         N/A       87%         3
 Inner Flame              Hex/Fire       0%         N/A       87%         3
 Anguish                  Hex/Necr       0%         N/A       99%         4
 Silence                  Hex/Air        0%         N/A       100%        5
 Enfeeble                 Hex            0%         N/A       100%        7


Dungeon Overview and Level Annotations

Branches:
Dungeon (5/15)             Temple (1/1) D:4           Sewer (visited)

Altars:
Ashenzari
Cheibriados
Dithmenos
Fedhas
Makhleb
Nemelex Xobeh
Okawaru
Qazlal
Sif Muna
Uskayaw
Vehumet
Wu Jian
Yredelemnul

Shops:
D:5 [


Innate Abilities, Weirdness & Mutations

You have a pair of antennae on your head.
A meltable shield of frost defends you. (SH +4)
You have a small tail.
Your touch may inflict minor irresistible damage on your foes.
You have hidden genetic potential.


Message History

The hound is heavily wounded.
You slash the hound!
You kill the hound!
The dead are walking!
The gnoll hits your ice beast zombie. The hound bites you.
* * * LOW HITPOINT WARNING * * *
You block the hound's attack.
Your ice beast zombie misses the hound.
The gnoll sergeant closely misses you. The gnoll hits your ice beast zombie.
You slash the hound!
The hound is almost dead.
You hit the hound.
The hound bites you but does no damage. x2
The hound closely misses you. The gnoll sergeant barely misses you.
The hound bites you but does no damage.
Your ice beast zombie barely misses the hound.
The gnoll throws a throwing net.
The throwing net misses the orc.
The throwing net closely misses the hound.
You block the throwing net.
You miss the hound.
You tail-slap the hound, but do no damage.
The hound is almost dead.
You hit the hound. The hound bites you.
* * * LOW HITPOINT WARNING * * *
The hound bites you.
* * * LOW HITPOINT WARNING * * *
Your hound zombie barely misses the hound.
You block the gnoll sergeant's attack.
The gnoll throws a throwing net.
The throwing net closely misses the orc.
The throwing net misses the hound.
The throwing net hits you.
You become entangled in the net!
The hound bites you but does no damage. The hound bites you.
* * * LOW HITPOINT WARNING * * *
Your hound zombie closely misses the hound.
Your ice beast zombie hits the hound but does no damage.
Unknown command.
You struggle against the net.
The hound barely misses you. The hound bites you but does no damage.
The orc hits your ice beast zombie with a +0 mace.
The gnoll sergeant hits you from afar with a +4 trident of freezing!
You die...
Your body rises from the dead as a mindless zombie.

..#.# .#...#.#.. ..#.#
.....#.... .##.#
......... ....# .........
....# { #........ ....# {
#gg...... ....## {{
#goo..... .....##
##hog.....
.....(##########@hZ......
..............)...Z......
........[...?).........#.
..............)........#
............#....#...###
##..............###.##
#........##......# ##
................##
...............##


You could see a gnoll sergeant (unable to see you), 2 hounds, 3 gnolls, 3 orcs,
a friendly hound zombie and a friendly ice beast zombie.

Vanquished Creatures
  Sigmund (D:2)
  A water moccasin (D:5)
  An ice beast (D:5)
  A kobold brigand (Sewer)
  A scorpion (D:4)
  4 hounds
  An iguana (D:5)
  Natasha (thrice) (D:2)
  3 orc wizards
  11 gnolls
  11 adders
  An ufetubus (D:5)
  A ribbon worm (D:2)
  11 orcs
  7 ball pythons
  9 endoplasms
  8 giant cockroaches
  8 goblins
  4 hobgoblins
  6 quokkas
  5 bats
  4 frilled lizards
  12 kobolds
  8 rats
122 creatures vanquished.

Vanquished Creatures (collateral kills)
  2 gnolls
  An ufetubus (D:5)
  A bat (Sewer)
  A giant cockroach (D:5)
  A goblin (D:4)
  A kobold (Sewer)
  A frilled lizard (Sewer)
  A rat (Sewer)
9 creatures vanquished.

Vanquished Creatures (others)
  A hound zombie (D:5)
  An adder zombie (Sewer)
  A bat zombie (Sewer)
  A gnoll zombie (D:5)
  An orc zombie (D:5)
5 creatures vanquished.

Grand Total: 136 creatures vanquished

Notes
Turn   | Place    | Note
-------+----------+-------------------------------------------
     0 | D:1      | Revguard the Demonspawn Gladiator began the quest for the
                  | Orb.
     0 | D:1      | Reached XP level 1. HP: 16/16 MP: 1/1
   229 | D:1      | Discovered your monstrous ancestry.
   229 | D:1      | Gained mutation: You have a pair of small antennae on your
                  | head. [demonic ancestry]
   229 | D:1      | Reached XP level 2. HP: 13/22 MP: 2/2
   383 | D:1      | Reached skill level 1 in Invocations
   499 | D:1      | Found a faded altar of an unknown god.
   540 | D:1      | Reached skill level 3 in Axes
   784 | D:2      | Noticed Sigmund
   808 | D:2      | Killed Sigmund
   809 | D:2      | Reached skill level 1 in Armour
   809 | D:2      | Reached skill level 1 in Evocations
   809 | D:2      | Gained mutation: A meltable shield of frost defends you.
                  | (SH +4) [demonic ancestry]
   809 | D:2      | Reached XP level 3. HP: 11/28 MP: 2/4
   809 | D:2      | Gained mutation: You have a small tail. [demonic ancestry]
   809 | D:2      | Reached XP level 4. HP: 14/34 MP: 2/5
   809 | D:2      | Gained mutation: Your touch may inflict minor irresistible
                  | damage on your foes. [demonic ancestry]
   809 | D:2      | Reached XP level 5. HP: 16/39 MP: 2/6
   934 | D:2      | Noticed Natasha
   944 | D:2      | Killed Natasha
   989 | D:2      | Noticed Natasha
   997 | D:2      | Killed Natasha
  1007 | D:2      | Noticed Natasha
  1018 | D:2      | Killed Natasha
  1143 | D:2      | Found a shimmering blue altar of Sif Muna.
  1157 | D:2      | Gained mutation: You have a pair of antennae on your head.
                  | [demonic ancestry]
  1157 | D:2      | Reached XP level 6. HP: 47/47 MP: 7/7
  1537 | D:3      | Got the Codex of Maleficia
  2410 | D:4      | Found a staircase to the Ecumenical Temple.
  2412 | D:4      | Reached skill level 4 in Axes
  2424 | Temple   | Entered the Ecumenical Temple
  2442 | Temple   | Became a worshipper of Yredelemnul the Fallen
  2493 | D:4      | Reached XP level 7. HP: 43/52 MP: 9/9
  3078 | D:5      | Entered Level 5 of the Dungeon
  3105 | D:5      | Found Adiumifya's Antique Armour Boutique.
  3273 | D:5      | Found a glowing drain.
  3286 | D:5      | Reached * piety under Yredelemnul
  3324 | Sewer    | Entered a sewer
  3545 | Sewer    | Gained mutation: You occasionally shout uncontrollably at
                  | your foes. [potion of mutation]
  3546 | Sewer    | Lost mutation: You occasionally shout uncontrollably at
                  | your foes. [potion of mutation]
  3546 | Sewer    | Gained mutation: You have hidden genetic potential. [potion
                  | of mutation]
  3593 | D:5      | Reached skill level 5 in Axes
  3593 | D:5      | Reached XP level 8. HP: 12/60 MP: 11/11
  3634 | D:5      | Slain by a gnoll sergeant

Illustrated notes

Levels and vault maps discovered:
D:1:      dpeg_arrival_rooms_with_view, layout_loops_ring,
          shapermc_ecumenical_altar_mp_highgroup, minivault_27
D:2:      layout_rooms, basic_altar, minmay_misc_feat_plants, uniq_sigmund,
          uniq_natasha
D:3:      layout_basic, kennysheep_generic_room_7
D:4:      layout_basic, nicolae_elyvilon_temple_path, minmay_temple_entry_trees
D:5:      layout_cave_pools, serial_gnoll_camp, gnoll_camp_mini_shop,
          gnoll_camp_medium_02, gnoll_camp_mini_house, gnoll_camp_mini_doghouse,
          gup_sewer_entry_glass, nicolae_ossuary_entry_giza
Temple:   nicolae_temple_no_exploring_needed

Skill      XL: |  1  2  3  4  5  6  7 |
---------------+----------------------+-----
Invocations    | 2 3 4 |  4.3
Axes           | 3 4 5 |  5.1
Throwing       | 2 |  2.6
Armour         | 1 2 3 |  3.1
Dodging        | 3 4 |  4.1
Evocations     | 1 2 3 |  3.2
Fighting       | 3 4 |  4.1

Action                     |  1- 3 |  4- 6 |  7- 9 || total
---------------------------+-------+-------+-------++-------
  Melee: War axe           |    54 |   123 |   109 ||   286
         Tailslap          |       |    16 |    20 ||    36
         Touch             |       |    10 |    19 ||    29
 Invoke: Light the Black T |       |     1 |     1 ||     2
    Use: Potion            |     6 |       |     4 ||    10
         Scroll            |       |       |    10 ||    10
   Stab: Sleeping          |     1 |       |       ||     1
         Distracted        |       |       |     3 ||     3
 Armour: Leather armour    |    16 |       |       ||    16
         Ring mail         |    20 |    84 |    94 ||   198
         Skin              |     6 |       |       ||     6
  Dodge: Dodged            |    39 |    84 |    86 ||   209
  Block: Other             |       |    34 |    30 ||    64

Table legend: (Time is in decaauts)
 A = Elapsed time spent in this place.
 B = Non-inter-level travel time spent in this place.
 C = Inter-level travel time spent in this place.
 D = Time resting spent in this place.
 E = Time spent auto-exploring this place.
 F = Levels seen in this place.
 G = Mean time per level.
                   A        B        C        D        E       F      G
               +--------+--------+--------+--------+--------+-----+--------+
         Total |   3749 |   3658 |     91 |     60 |   2472 |   7 |  535.6 |
       Dungeon |   3465 |   3374 |     91 |     60 |   2382 |   5 |  693.0 |
        Temple |     31 |     31 |      0 |      0 |      0 |   1 |   31.0 |
         Sewer |    252 |    252 |      0 |      0 |     90 |   1 |  252.0 |
               +--------+--------+--------+--------+--------+-----+--------+

Top non-repeatable levels by time:
     D:3: 935 daAuts
     D:4: 806 daAuts
     D:1: 782 daAuts
     D:2: 597 daAuts
     D:5: 343 daAuts
   Sewer: 252 daAuts
  Temple: 31 daAuts
